 Dungeon Crawl Stone Soup version 0.30-a0-596-g0af90f9a20 (webtiles) character file.

Game seed: 8959760350651932721

25 bmack86 the Trooper (level 2, -5/27 HPs)
             Began as a Minotaur Fighter on Jan 7, 2023.
             Slain by a gnoll
             ... wielding a +0 halberd
              (7 damage)
             ... on level 2 of the Dungeon.
             The game lasted 00:02:19 (844 turns).

bmack86 the Trooper (Minotaur Fighter)               Turns: 844, Time: 00:02:20

Health: -5/27      AC: 10    Str: 20    XL:     2   Next: 82%
Magic:  1/1        EV:  7    Int:  5    God:
Gold:   73         SH:  4    Dex:  9    Spells: 1/1 levels left

rFire   . . .      SeeInvis .    a - +0 war axe
rCold   . . .      Faith    .    c - +0 buckler
rNeg    . . .      Spirit   .    m - +0 chain mail
rPois   .          Reflect  .    (helmet restricted)
rElec   .          Harm     .    (no cloak)
rCorr   .          Rampage  .    k - +0 pair of gloves
Will    .....                    (no boots) Stlth
                                 (no amulet)
HPRegen 0.24/turn                (no ring)
MPRegen 0.07/turn                (no ring)

@: no status effects
A: horns 2, retaliatory headbutt
a: no special abilities


You were on level 2 of the Dungeon.
You visited 1 branch of the dungeon, and saw 2 of its levels.

You collected 73 gold pieces.

Inventory:

Hand Weapons
 a - a +0 war axe (weapon)
Armour
 b - a +0 scale mail
 c - a +0 buckler (worn)
 k - a +0 pair of gloves (worn)
 m - a +0 chain mail (worn)
Scrolls
 f - 2 scrolls of magic mapping
 g - 2 scrolls of teleportation {unknown}
 h - a scroll of noise {unknown}
 i - 3 scrolls of identify {unknown}
 l - a scroll of brand weapon {unknown}
 o - a scroll of enchant weapon {unknown}
Potions
 d - a potion of might
 e - 2 potions of degeneration {unknown}
 j - 2 potions of flight {unknown}
 n - a potion of invisibility {unknown}


   Skills:
 * Level 4.1 Fighting
 * Level 3.0 Axes
 + Level 3.9 Armour
 + Level 3.9 Shields


You had one spell level left.
You didn't know any spells.
Your spell library was empty.

Dungeon Overview and Level Annotations

Branches:
Dungeon (2/15)

Altars:


Innate Abilities, Weirdness & Mutations

You have a pair of horns on your head.
You reflexively headbutt those who attack you in melee.


Message History

You see here a bat corpse.
The rat bites you but does no damage.
You barely miss the rat. The rat barely misses you.
The rat bites you but does no damage. The rat bites you but does no damage.
The rat bites you but does no damage.
You slash the rat!
You kill the rat!
You see here a rat corpse.
n - a white potion
o - a scroll labelled EJOME MYEV A quokka comes into view.
Found a runed mace.
The quokka barely misses you.
You barely miss the quokka.
The quokka bites you but does no damage.
The quokka barely misses you.
You hit the quokka.
The quokka is moderately wounded.
The quokka bites you but does no damage.
The quokka closely misses you.
You slash the quokka!
You kill the quokka!
A gnoll comes into view. It is wielding a +0 halberd.
A gnoll comes into view. It is wielding a +0 spear.
The gnoll shouts!
A gnoll comes into view. It is wielding a +0 spear.
A gnoll comes into view. It is wielding a +0 flail.
Found 8 gold pieces.
You see here a +1 mace of venom.
The gnoll hits you from afar with a +0 halberd!
The gnoll hits you from afar with a +0 spear.
The gnoll hits you with a +0 halberd!
* * * LOW HITPOINT WARNING * * *
You see here a +1 mace of venom.
You closely miss the gnoll.
The gnoll hits you from afar with a +0 spear.
* * * LOW HITPOINT WARNING * * *
The gnoll hits you with a +0 halberd!
You die...

*,,,,**,*#.***.....,,,,,****,,,,
****###,##.**#..........,,,,,*,,
*,....,..,,..........,,,,,,,,,
*,##..##g*#.........,,******,,
*,.......#....#*...,***,,,,,,,
**#.....g..#****..#***,,,,,,,,
#.......## *..# *,,,,,,,,,
#.......######.$##*,,,,,,,,,
#........gg@.....#,,,,,,,,,,
#.......######..............
#.......# #..............
#.#####.# #..#.#......... #.#
#.# #..#.#*........ ##.# #.#
#..#.###....... #..# #.#
##.#.........#.. #.##
#.#####..#............
#.######.....#..<..†........#


You could see 2 gnolls.

Vanquished Creatures
  2 bats
  2 giant cockroaches
  3 goblins
  2 hobgoblins
  2 quokkas (D:2)
  5 ball pythons
  A frilled lizard (D:2)
  4 kobolds (D:1)
  2 rats
23 creatures vanquished.

Notes
Turn   | Place    | Note
-------+----------+-------------------------------------------
     0 | D:1      | bmack86 the Minotaur Fighter began the quest for the Orb.
     0 | D:1      | Reached XP level 1. HP: 19/19 MP: 0/0
   137 | D:1      | Reached XP level 2. HP: 27/27 MP: 1/1
   247 | D:1      | Found a faded altar of an unknown god.
   467 | D:1      | Reached skill level 4 in Fighting
   844 | D:2      | Slain by a gnoll

Illustrated notes

Levels and vault maps discovered:
D:1:      lightli_arrival_maybe_door_vault, layout_loops_cross,
          dilly_ecumenical_altar_fadedgnrine, minmay_octomino_e4
D:2:      layout_rooms, grunt_decor_one_mirror

Skill      XL: |  1  2 |
---------------+-------+-----
Fighting       | 4 |  4.1
Axes           | 3 |  3.0
Armour         | |  3.9
Shields        | |  3.9

Action                   || total
-------------------------++-------
Melee: War axe           ||    35
       Headbutt          ||     5
  Use: Scroll            ||     1
Armor: Scale mail        ||    20
       Chain mail        ||    15
Dodge: Dodged            ||    30
Block: Buckler           ||    11

Table legend: (Time is in decaauts)
 A = Elapsed time spent in this place.
 B = Non-inter-level travel time spent in this place.
 C = Inter-level travel time spent in this place.
 D = Time resting spent in this place.
 E = Time spent auto-exploring this place.
 F = Levels seen in this place.
 G = Mean time per level.
                   A        B        C        D        E       F      G
               +--------+--------+--------+--------+--------+-----+--------+
         Total |    857 |    844 |     13 |      0 |    537 |   2 |  428.5 |
       Dungeon |    857 |    844 |     13 |      0 |    537 |   2 |  428.5 |
               +--------+--------+--------+--------+--------+-----+--------+

Top non-repeatable levels by time:
     D:1: 653 daAuts
     D:2: 203 daAuts
